Map: Mech Depot LE

Players

DroPê

  • Race: Terran Terran
  • League: Gold
  • Spawn Location: 1:00

Juxtapose - Winner!

  • Race: Zerg Zerg
  • League: Gold
  • Spawn Location: 7:00

VOD

https://youtu.be/oPK5Zv2Kq7Q

Description

I'm pleased with this match, as I properly focused on economy while dealing with harassment early on. I also believe I made the right unit choices, and got some upgrades going too.

I still got supply blocked a bit and my Creep spread is poor, but overall my Zerg game is improving.

Time

  • Played on: Nov. 8, 2017, 7:22 p.m.
  • Length: 12:57
Show
View Real Time Build Order
Export as new Build Order

DroPê Terran 

Build Orders: Hellion Banshee 

Get SALT Encoding   

  12  0:01  SCV  
  13  0:13  SCV  
  14  0:23  Supply Depot  
  14  0:25  SCV  
  15  0:45  SCV  
  16  0:58  Barracks  
  16  1:02  SCV  
  17  1:07  Refinery  
  17  1:14  SCV  
  17  1:16  Refinery  
  18  1:26  SCV  
  19  1:38  SCV  
  20  1:50  SCV  
  20  1:51  Supply Depot  
  20  1:52  Marine  
  22  2:02  SCV  
  22  2:08  Factory  
  20  2:15  Orbital Command  
  23  2:34  Command Center  
  23  2:39  Barracks Reactor  
  23  2:42  SCV  
  24  2:59  Supply Depot  
  24  3:11  SCV  
  25  3:19  Starport  
  25  3:24  Hellion x2  
  25  3:25  SCV  
  30  3:31  Barracks Tech Lab  
  30  3:39  Bunker  
  30  3:41  Armory  
  30  3:42  SCV  
  30  3:45  Hellion  
  30  3:46  Hellion  
  35  3:49  Supply Depot  
  35  4:01  Barracks Reactor  
  35  4:03  Orbital Command  
  35  4:05  SCV  
  36  4:13  Widow Mine  
  38  4:17  SCV  
  38  4:21  Cyclone  
  42  4:29  SCV  
  43  4:32  Banshee  
  46  4:41  SCV  
  47  4:54  Hellion x2  
  47  4:55  Marine  
  47  4:56  Marine  
  47  4:57  Liberator  
  51  5:15  Hellion  
  51  5:16  Terran Vehicle Weapons Level 1  
  51  5:18  Armory  
  51  5:21  Supply Depot  
  56  5:23  Supply Depot  
  45  5:57  Banshee  
  45  6:00  Supply Depot  
  45  6:02  SCV x2  
  50  6:06  Refinery  
  50  6:08  Refinery  
  50  6:09  Marine x2  
  50  6:10  Hellion x2  
  56  6:14  SCV x2  
  58  6:26  SCV  
  58  6:27  SCV  
  54  6:40  Medivac  
  54  6:46  Marine  
  56  6:47  Marine  
  56  6:49  Hellion x2, SCV  
  56  6:50  SCV  
  56  6:52  Terran Vehicle And Ship Armor Level 1  
  64  6:59  Armory  
  64  7:01  SCV  
  64  7:03  Factory  
  64  7:04  Supply Depot  
  64  7:05  Factory, Supply Depot  
  64  7:06  Factory  
  64  7:07  Supply Depot  
  57  7:31  Hellion x2  
  57  7:34  Banshee  
  57  7:35  Marine x2  
  66  7:52  Factory Tech Lab x2, Marine  
  66  7:53  Factory Tech Lab, Marine  
  66  7:58  Terran Ship Weapons Level 1  
  68  7:59  Terran Vehicle Weapons Level 2  
  68  8:01  Command Center  
  68  8:10  Hellion x2, Marine  
  68  8:11  Marine  
  74  8:18  SCV x2  
  76  8:26  Command Center  
  76  8:28  Marine x2  
  76  8:30  SCV x2  
  67  8:42  SCV  
  68  8:49  Siege Tank  
  68  8:50  Siege Tank x2  
  68  8:52  Marine x2  
  68  8:54  Hellion  
  68  8:55  Hellion  
  83  8:57  SCV  
  83  9:00  Terran Vehicle And Ship Armor Level 2  
  84  9:09  Marine  
  84  9:10  Marine  
  84  9:15  Orbital Command  
  86  9:19  Refinery, SCV  
  86  9:20  SCV  
  86  9:21  Refinery  
  88  9:24  Siege Tank  
  91  9:32  SCV x2  
  91  9:35  Supply Depot  
  93  9:40  Supply Depot  
  93  9:45  SCV x4  
  97  9:50  Siege Tank x2  
  105  9:53  Hellion  
  105  9:55  Medivac  
  105  9:59  Marine x2  
  109  10:07  Orbital Command  
  109  10:09  Barracks  
  110  10:14  SCV x3  
  112  10:23  Siege Tank x2  
  118  10:47  Starport  
  118  10:49  Starport  
  54  11:16  Marine x2  
  51  11:25  Siege Tank x3  
  57  11:29  Starport Reactor x2  
  57  11:31  Hellion x2  
  61  11:32  Barracks Tech Lab  
  61  11:33  Marine  
  62  11:43  Barracks  
  62  11:44  Barracks x2  
  62  11:47  Orbital Command  
  62  11:48  Barracks  
  62  11:50  Engineering Bay  
  62  11:53  Engineering Bay  
  62  12:14  SCV x3  
  65  12:26  SCV x3  
  68  12:34  Hellion  
  68  12:35  Hellion x4  
  86  12:38  SCV x2  
Show
View Real Time Build Order
Export as new Build Order

Juxtapose Zerg - Winner!

Build Orders: Hatch First 

Get SALT Encoding   

  12  0:01  Drone  
  13  0:09  Drone  
  14  0:17  Overlord  
  14  0:37  Drone x2  
  16  0:58  Drone x2  
  16  1:02  Hatchery  
  16  1:03  Overlord  
  17  1:16  Extractor  
  16  1:23  Spawning Pool, Drone  
  16  1:27  Drone  
  17  1:38  Drone  
  18  1:49  Drone  
  18  1:53  Drone  
  20  2:08  Drone  
  20  2:10  Queen  
  23  2:18  Drone, Extractor  
  23  2:22  Drone  
  24  2:23  Queen  
  24  2:25  Zergling x2  
  24  2:26  Metabolic Boost  
  26  2:38  Drone  
  26  2:43  Overlord  
  27  2:55  Roach Warren  
  27  2:57  Drone x2  
  28  2:59  Drone  
  28  3:05  Queen  
  29  3:10  Drone  
  29  3:12  Drone  
  33  3:15  Drone  
  34  3:24  Drone  
  34  3:25  Zergling x4  
  37  3:29  Drone  
  37  3:30  Drone  
  39  3:44  Drone, Roach x2  
  39  3:47  Overlord  
  44  3:56  Overlord  
  44  4:01  Evolution Chamber  
  43  4:05  Spore Crawler, Queen  
  43  4:09  Spore Crawler  
  43  4:10  Drone x2  
  45  4:19  Lair  
  45  4:26  Drone x3  
  47  4:53  Roach  
  47  4:54  Roach x4  
  47  4:55  Drone x2  
  59  5:00  Overlord  
  59  5:01  Overlord  
  59  5:29  Hatchery  
  58  5:48  Roach x3  
  58  5:49  Roach x2, Zergling x6  
  68  5:50  Zergling x6  
  68  5:51  Drone x3  
  68  5:56  Extractor  
  70  5:59  Overseer, Extractor  
  70  6:00  Overseer  
  69  6:06  Glial Reconstitution  
  69  6:08  Zerg Missile Weapons Level 1, Hydralisk Den  
  69  6:11  Overseer  
  66  6:36  Overlord  
  66  6:37  Overlord x3  
  66  6:41  Drone x5  
  66  6:42  Drone  
  72  7:05  Drone x3  
  71  7:33  Drone  
  71  7:34  Drone x3  
  71  7:35  Spore Crawler  
  71  7:36  Hydralisk x4  
  71  7:37  Hydralisk x3  
  88  7:50  Infestation Pit  
  87  7:54  Muscular Augments  
  87  7:59  Drone x6  
  87  8:02  Zerg Ground Armor Level 1  
  93  8:09  Hydralisk x5  
  103  8:30  Drone x6  
  104  8:46  Queen  
  105  8:56  Extractor  
  105  8:58  Extractor  
  103  9:02  Spine Crawler  
  103  9:04  Spine Crawler  
  103  9:07  Drone x3  
  103  9:09  Hydralisk x2  
  104  9:10  Hydralisk x3  
  104  9:12  Overlord x4  
  114  9:18  Hive  
  114  9:30  Drone x2  
  114  9:31  Drone x2, Hydralisk x4  
  118  9:33  Roach x5  
  136  9:57  Hydralisk x4  
  144  10:12  Hatchery  
  143  10:23  Zergling x4  
  143  10:24  Zergling x2  
  146  10:32  Ultralisk Cavern  
  145  10:39  Overlord  
  145  10:40  Overlord x3  
  104  11:01  Hydralisk x6  
  104  11:02  Hydralisk x2  
  104  11:03  Zergling x6  
  101  11:34  Hydralisk x5  
  101  11:36  Ultralisk x6  
  147  11:58  Ultralisk x2  
  147  11:59  Zergling x6  
  162  12:01  Drone  
  162  12:02  Drone  
  164  12:19  Roach x4  
  164  12:20  Drone x3  
  164  12:21  Drone x2, Zergling x4  
  164  12:22  Zergling x2  
Tags
 
Composition
Hellion Banshee
League
GoldGold
Matchup
TvZ
Spawn Locations
Cross Positions
Add a new tag
Caveats
  • Supply blocks, unpowered buildings, or Contaminate may cause inaccurate times.
  • Supply counts are checked every 10 seconds.